 Dungeon Crawl Stone Soup version 0.31.0-32-g396128a36d (webtiles) character file.

Game seed: 6218844520843533678

3098 KittyFluff the Changeling (level 9, -4/84 HPs)
             Began as a Troll Shapeshifter on Apr 13, 2024.
             Slain by a fire elemental (8 damage)
             ... summoned by a deep elf pyromancer
             ... in a bailey.
             The game lasted 00:27:15 (5781 turns).

KittyFluff the Changeling (Troll Shapeshifter)      Turns: 5781, Time: 00:27:15

Health: -4/84      AC:  9    Str: 34    XL:     9   Next: 59%
Magic:  8/8        EV:  9    Int:  6    God:
Gold:   329        SH:  8    Dex:  9    Spells: 6/8 levels left

rFire   . .          .
                       - Unarmed
rCold   . . .        C - +0 kite shield
rNeg    . . .        w - +0 troll leather armour
rPois   .            (helmet currently unavailable)
rElec   .            (cloak currently unavailable)
rCorr   .            (gloves unavailable)
SInv    .            (boots unavailable)
Will    .....        (no amulet)
Stlth   +            B - +6 ring of strength
HPRegen 1.94/turn    r - +4 ring of protection
MPRegen 0.11/turn

%: no passive effects
@: mighty, on fire, beast-form, glowing
A: beast (slay +4), large, unfitting armour, claws 3, regeneration 1, shaggy fur
1, tough skin 1
a: Begin Untransformation


You were in a bailey.
You were a hulking beast.
You visited 2 branches of the dungeon, and saw 8 of its levels.
You also visited: Bailey.

You collected 329 gold pieces.

Inventory:

Hand Weapons
 a - a +2 sling of freezing
 s - a +0 whip of venom
 u - a +0 spear
 I - a +2 mace of holy wrath
 J - a +0 dire flail of protection
Missiles
 e - 26 stones (quivered)
 q - 8 boomerangs
 D - 9 poisoned darts
 K - 2 throwing nets
Armour
 w - a +0 troll leather armour (worn)
 y - a scarf of shadows
 C - a +0 kite shield (worn)
 H - a +0 tower shield
 M - a +0 cloak
Jewellery
 m - a +6 ring of intelligence
 r - a +4 ring of protection (right claw)
 B - a +6 ring of strength (left claw)
 E - a ring of protection from cold
Talismans
 c - a beast talisman
 d - a flux talisman
 l - a serpent talisman
Wands
 o - a wand of polymorph (14)
 G - a wand of flame (15)
 L - a wand of paralysis (5)
Scrolls
 i - 2 scrolls of amnesia {unknown}
 j - 2 scrolls of enchant weapon {unknown}
 k - a scroll of poison
 n - 2 scrolls of teleportation {unknown}
 p - a scroll of noise {unknown}
 t - a scroll of enchant armour {unknown}
 x - a scroll of immolation {unknown}
 F - a scroll of fear {unknown}
 N - a scroll of revelation {unknown}
 O - a scroll of summoning {unknown}
Potions
 b - 2 potions of lignification
 f - a potion of haste
 g - 5 potions of curing
 h - 3 potions of invisibility
 v - a potion of attraction
 z - a potion of magic


   Skills:
 + Level 4.1 Fighting
 + Level 3.8 Throwing
 + Level 3.5 Armour
 + Level 4.3 Dodging
 + Level 3.4 Shields
 + Level 5.7 Unarmed Combat
 * Level 7.1 Shapeshifting


You had 6 spell levels left.
You knew the following spells:

 Your Spells              Type           Power      Damage    Failure   Level
a - Blink                 Tloc           0%         N/A       82%         2

Your spell library contained the following spells:

 Spells                   Type           Power      Damage    Failure   Level
 Jinxbite                 Hex            0%         N/A       82%         2
 Lesser Beckoning         Tloc           0%         N/A       82%         2
 Momentum Strike          Conj/Tloc      0%         3d8       82%         2
 Gell's Gravitas          Tloc           0%         N/A       96%         3
 Teleport Other           Tloc           0%         N/A       96%         3
 Yara's Violent Unravell  Hex/Alch       0%         3d3       100%        5
 Enfeeble                 Hex            0%         N/A       100%        7


Dungeon Overview and Level Annotations

Branches:
Dungeon (7/15)             Temple (1/1) D:7          Bailey (1/1)

Altars:
Ashenzari
Cheibriados
Dithmenos
Elyvilon
Fedhas
Gozag
Kikubaaqudgha
Makhleb
Nemelex Xobeh
Okawaru
Qazlal
Ru
Sif Muna
Vehumet
Wu Jian
Xom
Yredelemnul
Zin
The Shining One

Shops:
D:7 *


Innate Abilities, Weirdness & Mutations

You are a hulking beast.
Your limbs bulge with bestial killing power. (Slay +4)
You are too large for most types of armour.
You have claws for hands.
Your natural rate of healing is unusually fast.
You are covered in fur. (AC +1)
You have tough skin. (AC +1)


Message History

Found 21 gold pieces.
You now have 329 gold pieces (gained 21).
Press: ? - help, v - describe, . - travel
Here: a deep elf pyromancer, wielding a +1 dagger of pain and wearing a +0 scale mail (fire blocked by a translucent stone wall)
The floor.
You open the large door.
You barely miss the deep elf pyromancer.
The deep elf pyromancer gestures wildly while chanting.
You claw the deep elf pyromancer!
The deep elf pyromancer is moderately wounded.
The fire elemental hits you. The fire elemental burns you!
The deep elf pyromancer hits you but does no damage.
You writhe in agony.
You claw the deep elf pyromancer!
The deep elf pyromancer is severely wounded.
You block the fire elemental's attack.
You block the deep elf pyromancer's attack.
You claw the deep elf pyromancer!
The deep elf pyromancer is almost dead.
The fire elemental hits you. The fire elemental burns you!
The fire elemental hits you. The fire elemental burns you!
The deep elf pyromancer gestures at you while chanting.
The pyre arrow hits you.
You are covered in intense liquid fire!
You barely miss the deep elf pyromancer.
The deep elf pyromancer is almost dead.
The liquid fire burns you! The fire elemental hits you.
The fire elemental burns you! The fire elemental hits you.
The fire elemental burns you!
The deep elf pyromancer mumbles some strange words.
You block the fire elemental's attack.
You feel very mighty all of a sudden. The liquid fire burns you!
* * * LOW HITPOINT WARNING * * *
The fire elemental hits you. The fire elemental burns you!
* * * LOW HITPOINT WARNING * * *
The fire elemental hits you.
* * * LOW HITPOINT WARNING * * *
The fire elemental burns you!
You die...

≈≈≈..♣ ≈≈..#### ####
≈≈..#..##########..#
≈...#..............#
≈...##............##
≈....#..########..#
##...#.8##[...##8.#
.....#..#?}....#E.#
.))))'..#!?##.°eh.#
...).'..#|$##..EE.#
.)...#..#?)....#.○#
##...#.8##$...##8.#
≈....#..########..#
≈.♣.##............##
≈...#..............#
≈♣..#..##########..#
≈♣..#### ####


You could see a deep elf pyromancer and 3 fire elementals.

Vanquished Creatures
  An orc knight (Bailey)
  An unseen horror (D:7)
  A troll (D:5)
  Eustachio (D:5)
  A wyvern (D:7)
  Edmund (D:6)
  4 orc warriors (Bailey)
  A black bear (D:5)
  A kobold brigand (D:6)
  2 bullfrogs
  3 scorpions
  3 wights (D:6)
  2 howler monkeys (D:7)
  3 hounds
  2 orc priests
  4 iguanas
  4 sleepcaps
  4 orc wizards
  6 adders
  3 gnolls (D:6)
  2 shadow imps
  A white imp (D:6)
  4 ribbon worms
  3 dart slugs
  34 orcs
  7 endoplasms
  2 giant cockroaches
  11 goblins
  3 hobgoblins
  12 jackals
  6 quokkas
  10 ball pythons
  2 bats
  2 frilled lizards
  12 kobolds
  5 rats
164 creatures vanquished.

Notes
Turn   | Place    | Note
-------+----------+-------------------------------------------
     0 | D:1      | KittyFluff the Troll Shapeshifter began the quest for the
                  | Orb.
     0 | D:1      | Reached XP level 1. HP: 18/18 MP: 0/0
    38 | D:1      | Reached skill level 1 in Fighting
    42 | D:1      | Reached XP level 2. HP: 23/27 MP: 1/1
   316 | D:1      | Reached XP level 3. HP: 33/33 MP: 2/2
  1322 | D:3      | Reached XP level 4. HP: 41/41 MP: 3/3
  1504 | D:3      | Learned a level 2 spell: Blink
  1756 | D:4      | Noticed a scorpion
  1762 | D:4      | Killed a scorpion
  1763 | D:4      | Reached skill level 4 in Shapeshifting
  1763 | D:4      | Reached XP level 5. HP: 27/49 MP: 4/4
  2268 | D:4      | Reached XP level 6. HP: 53/57 MP: 5/5
  2499 | D:4      | Reached skill level 1 in Throwing
  2571 | D:4      | Reached skill level 1 in Armour
  2635 | D:4      | Found a radiant altar of Vehumet.
  2692 | D:5      | Entered Level 5 of the Dungeon
  2807 | D:5      | Noticed a troll
  2814 | D:5      | Killed a troll
  2815 | D:5      | Reached skill level 1 in Shields
  2815 | D:5      | Reached skill level 5 in Shapeshifting
  2815 | D:5      | Reached XP level 7. HP: 38/66 MP: 6/6
  3245 | D:5      | Found a glowing golden altar of the Shining One.
  3249 | D:5      | Found a shimmering altar of Xom.
  3250 | D:5      | Found a stormy altar of Qazlal.
  3384 | D:5      | Noticed Eustachio
  3427 | D:5      | Killed Eustachio
  3428 | D:5      | Reached XP level 8. HP: 70/75 MP: 7/7
  4046 | D:6      | Noticed Edmund
  4060 | D:6      | Killed Edmund
  4061 | D:6      | Reached skill level 6 in Shapeshifting
  4131 | D:6      | Reached skill level 5 in Unarmed Combat
  4765 | D:7      | Found a staircase to the Ecumenical Temple.
  4777 | Temple   | Entered the Ecumenical Temple
  4892 | D:7      | Found a sparkling altar of Nemelex Xobeh.
  4991 | D:7      | Killed an unseen horror
  4992 | D:7      | Reached XP level 9. HP: 57/84 MP: 8/8
  5065 | D:7      | Found Agruuw's Lightly-Used Armoury.
  5296 | D:7      | Found a flagged portal.
  5335 | Bailey   | Entered a bailey
  5630 | Bailey   | Found a large runed translucent door.
  5630 | Bailey   | Found a large runed translucent door.
  5630 | Bailey   | Noticed an orc knight
  5681 | Bailey   | Killed an orc knight
  5682 | Bailey   | Reached skill level 7 in Shapeshifting
  5728 | Bailey   | Noticed a deep elf pyromancer
  5781 | Bailey   | HP: 4/84 [fire elemental[a deep elf pyromancer] (1)]
  5781 | Bailey   | Slain by a fire elemental

Illustrated notes

Levels and vault maps discovered:
D:1:      eino_arrival_water_cross, layout_basic
D:2:      layout_basic
D:3:      layout_basic, minmay_vboxes
D:4:      layout_basic, mainiacjoe_overflow_surrounded_room
D:5:      layout_loops_ring, minitemple, kennysheep_cross_bottleneck,
          minmay_misc_feat_pillars, uniq_eustachio
D:6:      layout_basic, uniq_edmund
D:7:      layout_loops_corners, nemelex_spade_bored_becter,
          beargit_hepliaklqana_dungeon_heroes, nicolae_uskayaw_suspiria,
          minmay_temple_entry_antechambers, nicolae_ossuary_entry_catacombs,
          enter_bailey_4, minmay_shop_damaged, grunt_ministairs_15, minivault_23
Temple:   minmay_temple_curvy_branch
Bailey:   bailey_polearm_elven_captive_hellmonk, bailey

Skill      XL: |  1  2  3  4  5  6  7  8  9 |
---------------+----------------------------+-----
Fighting       | 1 2 3 4 |  4.1
Dodging        | 2 3 4 |  4.3
Shapeshifting  | 4 5 6 7 |  7.1
Unarmed Combat | 4 5 |  5.7
Throwing       | 1 2 3 |  3.8
Armour         | 1 2 3 |  3.5
Shields        | 1 2 3 |  3.4

Action                     |  1- 3 |  4- 6 |  7- 9 || total
---------------------------+-------+-------+-------++-------
  Melee: Unarmed           |   105 |   128 |   246 ||   479
         Punch             |     3 |     3 |       ||     6
  Throw: Stone             |       |     2 |     6 ||     8
    Use: Scroll            |       |     4 |     4 ||     8
         Potion            |       |       |     1 ||     1
 Armour: Animal skin       |    36 |       |       ||    36
         Robe              |    25 |    93 |     4 ||   122
         Troll leather arm |       |       |   182 ||   182
  Dodge: Dodged            |    44 |    44 |    82 ||   170
  Block: Kite shield       |       |    12 |    89 ||   101
